 Dungeon Crawl Stone Soup version 0.31.0-12-g77e489cdc1 (webtiles) character file.

Game seed: 4224931979583527315

238 GloorxVloq the Firebug (level 6, -5/47 HPs)
             Began as a Human Cinder Acolyte on Feb 23, 2024.
             Was a High Priest of Ignis.
             Slain by a scorpion (7 damage)
             ... on level 3 of the Dungeon.
             The game lasted 00:12:57 (2856 turns).

GloorxVloq the Firebug (Human Cinder Acolyte)       Turns: 2856, Time: 00:12:58

Health: -5/47      AC:  2    Str: 14    XL:     6   Next: 7%
Magic:  1/9        EV: 11    Int: 17    God:    Ignis [*****.]
Gold:   87         SH:  0    Dex:  8    Spells: 4/9 levels left

rFire   + . .        a - -1 spear (flame)
rCold   . . .        (no shield)
rNeg    . . .        b - +0 robe
rPois   .            (no helmet)
rElec   .            (no cloak)
rCorr   .            (no gloves)
SInv    .            (no boots)
Will    .....        (no amulet)
Stlth   +            (no ring)
HPRegen 0.27/turn    (no ring)
MPRegen 0.11/turn

%: no passive effects
@: no status effects
A: explore regen
a: Renounce Religion, Fiery Armour, Foxfire Swarm


You were on level 3 of the Dungeon.
You worshipped Ignis.
Ignis was extremely pleased with you.
You visited 1 branch of the dungeon, and saw 4 of its levels.

You collected 87 gold pieces.

Inventory:

Hand Weapons
 a - a -1 spear of flaming (weapon)
Missiles
 c - 3 poisoned darts
 l - 5 boomerangs
Armour
 b - a +0 robe (worn)
Scrolls
 d - a scroll of amnesia {unknown}
 f - a scroll of enchant weapon {unknown}
 i - a scroll of enchant armour {unknown}
 k - 2 scrolls of identify {unknown}
 m - a scroll of teleportation {unknown}
Potions
 e - a potion of might {unknown}
 g - 2 potions of heal wounds
 h - a potion of magic {unknown}
 j - a potion of haste {unknown}


   Skills:
 - Level 3.2 Fighting
 - Level 3.2 Polearms
 - Level 2.1 Spellcasting
 + Level 2.9 Translocations
 + Level 5.0 Fire Magic


You had 4 spell levels left.
You knew the following spells:

 Your Spells              Type           Power      Damage    Failure   Level
a - Scorch                Fire           36%        2d6       3%          2
b - Volatile Blastmotes   Fire/Tloc      30%        2d12      12%         3

Your spell library contained the following spells:

 Spells                   Type           Power      Damage    Failure   Level
 Cigotuvi's Dreadful Rot  Necr/Alch/Air  2%         N/A       28%         2
 Dazzling Flash           Conj/Hex       2%         N/A       50%         3
 Dispel Undead            Necr           1%         3d6       88%         4
 Martyr's Knell           Necr/Summ      1%         N/A       88%         4
 Death Channel            Necr           0%         N/A       100%        6
 Starburst                Conj/Fire      5%         6d4       100%        6
 Maxwell's Capacitive Co  Air            0%         ∞         100%        8


Dungeon Overview and Level Annotations

Branches:
Dungeon (4/15)
 Temple: D:4-7

Altars:
Elyvilon


Innate Abilities, Weirdness & Mutations

You regain HP and MP as you explore.


Message History

Okay, then.
A scorpion comes into view.
The ball python misses you. The ball python grabs you.
The ball python constricts you. The sleepcap releases spores at you!
You are engulfed in a cloud of soporific spores!
You fall asleep.
The cloud of blastmotes explodes!
The concussive blast engulfs the bombardier beetle.
The bombardier beetle is moderately wounded.
The concussive blast engulfs the ball python!
You kill the ball python!
The concussive blast engulfs you. You resist.
You wake up.
The concussive blast engulfs the sleepcap!!
The sleepcap is almost destroyed.
The sleepcap is knocked back by the blast.
You are knocked back by the blast.
Unknown command.
The sleepcap releases spores at you.
* * * LOW HITPOINT WARNING * * *
You hit the sleepcap. You burn the sleepcap.
You destroy the sleepcap!
Your Fire Magic skill increases to level 5!
You have reached level 6!
Casting: Scorch (safe; 3% risk of failure)
Confirm with . or Enter, or press ? or * to list all spells.
Okay, then.
The iguana bites you!
* * * LOW HITPOINT WARNING * * *
The bombardier beetle misses you.
There is a stone staircase leading up, spattered with blood here.
There are monsters nearby!
The iguana barely misses you. The scorpion stings you.
* * * LOW HITPOINT WARNING * * *
You climb upwards.
There is a stone staircase leading down here.
The iguana attacks as it pursues you!
The iguana bites you but does no damage.
The scorpion attacks as it pursues you! The scorpion closely misses you.
The scorpion attacks as it pursues you! The scorpion stings you!
You die...

#.#####.# ##.......##
#.......# #.#####.##
#######.# ###.### #...
####.####.....# #...
###.......#.....# #.##
#......##.#.....# #.#.
#..>B..##.#.....# #.#.
#..ls..##.#.....# #.#.
#....@###.####### #...
#.....###.# ###.
###.......## #.
#..........# #.
#.#...####.# #.
#.#........##########.
#.#[....##.##.........
#.##..#.......########
#.##..####.####


You could see a scorpion, a bombardier beetle and an iguana.

Vanquished Creatures
  An ogre (D:3)
  A sleepcap (D:4)
  4 adders (D:2)
  3 dart slugs
  A ribbon worm (D:3)
  5 orcs (D:3)
  8 endoplasms
  3 giant cockroaches
  9 goblins
  9 hobgoblins
  4 quokkas
  11 ball pythons
  8 bats
  5 frilled lizards
  3 kobolds
  7 rats
82 creatures vanquished.

Notes
Turn   | Place    | Note
-------+----------+-------------------------------------------
     0 | D:1      | GloorxVloq the Human Cinder Acolyte began the quest for the
                  | Orb.
     0 | D:1      | Reached XP level 1. HP: 18/18 MP: 2/2
    52 | D:1      | Reached XP level 2. HP: 22/24 MP: 3/3
   123 | D:1      | Learned a level 2 spell: Scorch
   315 | D:1      | Reached XP level 3. HP: 29/29 MP: 1/4
  1024 | D:2      | Reached XP level 4. HP: 32/35 MP: 0/7
  1179 | D:2      | Learned a level 3 spell: Volatile Blastmotes
  1301 | D:2      | Reached skill level 4 in Fire Magic
  1391 | D:2      | Found a white marble altar of Elyvilon.
  1440 | D:2      | Reached skill level 1 in Translocations
  1999 | D:3      | Noticed an ogre
  2003 | D:3      | Killed an ogre
  2004 | D:3      | Reached XP level 5. HP: 41/41 MP: 1/8
  2852 | D:4      | Reached skill level 5 in Fire Magic
  2852 | D:4      | Reached XP level 6. HP: 13/47 MP: 0/9
  2853 | D:4      | HP: 1/47 [scorpion (5)]
  2856 | D:3      | Slain by a scorpion

Illustrated notes

Levels and vault maps discovered:
D:1:      onia_arrival_handbag, layout_loops_ring
D:2:      layout_loops_ring, basic_altar, st_stairs_13,
          kennysheep_generic_room_16
D:3:      layout_loops_cross
D:4:      layout_cave_pools, minmay_temple_entry_overgrown

Skill      XL: |  1  2  3  4  5 |
---------------+----------------+-----
Spellcasting   | 2 |  2.1
Fire Magic     | 4 5 |  5.0
Translocations | 2 |  2.9
Fighting       | |  3.2
Polearms       | |  3.2

Action                     |  1- 3 |  4- 6 || total
---------------------------+-------+-------++-------
  Melee: Spear             |   111 |    98 ||   209
   Cast: Scorch            |    13 |    22 ||    35
         Volatile Blastmot |       |     2 ||     2
 Invoke: Rising Flame      |       |     1 ||     1
         Fiery Armour      |       |     1 ||     1
    Use: Potion            |     2 |       ||     2
   Stab: Sleeping          |     1 |       ||     1
 Armour: Robe              |    57 |    59 ||   116
  Dodge: Dodged            |    48 |    70 ||   118
